 Dungeon Crawl Stone Soup version 0.32-a0-931-g5a2cda0630 (webtiles) character file.

Game seed: 7244609454233147327

260 smashvw the Twirler (level 5, -10/61 (72) HPs)
             Began as a Minotaur Fighter on Apr 13, 2024.
             Killed by an exploding wight (24 damage)
             ... ignited by their inner flame
             ... on level 4 of the Dungeon.
             The game lasted 00:07:43 (2805 turns).

smashvw the Twirler (Minotaur Fighter)              Turns: 2805, Time: 00:07:43

HP:   -10/61 (72)   AC: 22    Str: 22    XL:     5   Next: 95%
MP:   4/4           EV:  2    Int:  5    God:
Gold: 56            SH:  5    Dex: 10    Spells: 4/4 levels left

rFire   + . .        h - +0 dagger (flame)
rCold   + . .        c - +1 buckler
rNeg    . . .        p - melded +3 ring mail of the Scribe {+Inv rPois}
rPois   +            (helmet currently unavailable)
rElec   +            q - melded +2 cloak {rCorr}
rCorr   +            (gloves currently unavailable)
SInv    .            (boots currently unavailable)
Will    .....        (no amulet)
Stlth   +            (no ring)
HPRegen 0.30/turn    (no ring)
MPRegen 0.09/turn

%: no passive effects
@: tree-form, resistant, heavily drained
A: stationary, stasis, torment immunity, boosted hp, (horns 2), (retaliatory
headbutt)
a: no special abilities


You were on level 4 of the Dungeon.
You were a tree.
You visited 1 branch of the dungeon, and saw 4 of its levels.

You collected 56 gold pieces.

Inventory:

Hand Weapons
 a - a +0 rapier
 h - a +0 dagger of flaming (weapon)
 i - a +4 dagger
Armour
 b - a +0 scale mail
 c - a +1 buckler (worn)
 p - the +3 ring mail of the Scribe (melded) {+Inv rPois}
   (You found it on level 2 of the Dungeon)

   rPois:     It protects you from poison.
   +Inv:      It lets you turn invisible.
 q - a +2 cloak of preservation (melded)
Jewellery
 j - an amulet of magic regeneration
Scrolls
 e - 4 scrolls of immolation
 f - a scroll of enchant armour
 n - a scroll of identify {unknown}
 r - a scroll of butterflies {unknown}
 s - 3 scrolls of fog {unknown}
Potions
 k - a potion of magic {unknown}
 m - 2 potions of resistance
 t - 3 potions of heal wounds {unknown}
 u - 2 potions of mutation {unknown}


   Skills:
 - Level 5.0 Fighting
 - Level 2.6 Short Blades
 + Level 5.3 Staves
 - Level 3.6 Armour
 - Level 4.4 Shields


You had 4 spell levels left.
You didn't know any spells.
Your spell library was empty.

Dungeon Overview and Level Annotations

Branches:
Dungeon (4/15)
 Temple: D:4-7

Altars:
Vehumet
Wu Jian
Zin

Shops:
D:1 (


Innate Abilities, Weirdness & Mutations

You are a tree.
Your roots penetrate the ground, keeping you stationary.
You cannot be teleported.
You are immune to unholy pain and torment.
Your maximum health is greatly increased.
Your equipment is partially melded.
((You have a pair of horns on your head.))
((You reflexively headbutt those who attack you in melee.))


Message History

You hit the wight but do no damage.
The wight is moderately damaged.
The wight hits you but does no damage.
As you read the scroll labelled HETZEBBIH, it crumbles to dust.
The creatures around you are filled with an inner flame!
It was a scroll of immolation.
The wight hits you but does no damage.
You barely miss the wight.
The wight is moderately damaged.
The wight hits you but does no damage.
As you read the scroll labelled OLOEFI TOTSIE, it crumbles to dust.
It is a scroll of enchant armour.
Your +0 buckler glows green for a moment.
The wight hits you but does no damage.
As you read the scroll labelled VEIX DI VIATH, it crumbles to dust.
It is a scroll of amnesia.
You feel forgetful for a moment. The wight hits you with a +2 scimitar.
* * * LOW HITPOINT WARNING * * *
As you read the scroll labelled FUSEIRAO LAPAU, it crumbles to dust.
You cannot blink because you are held in place by your roots.
It was a scroll of blinking.
The wight hits you but does no damage.
Okay, then.
You hit the wight but do no damage.
The wight is moderately damaged.
The wight hits you but does no damage.
You barely miss the wight.
The wight is moderately damaged.
As you read the scroll labelled QYSSETHIKK, it crumbles to dust.
You feel a strange sense of stasis.
It was a scroll of teleportation.
The wight hits you but does no damage.
You cannot move.
You cannot move.
You cannot move.
You cannot move.
You hit the wight.
Flame seeps out of the wight.
You burn the wight.
Flame seeps out of the wight.
The wight is heavily damaged.
The wight is engulfed in blazing flames.
The wight explodes!
The fiery explosion engulfs you!! You resist.
You die...

#>####### .. ..... ...
#.#.##.#.# #.# #.#.#..#.#
#.# ##+####.#.#..#.###.#
....................
#.#.##..#.#..#.###.#
#.#.##..#.#..#.###..
#.#♣##..#...........
#.#○##..............
##.#z##).#.#.........
#...z................
#..#.##..#.#....###..
#.####.z####..#......# #..
..............#.#....# #..
..........##.......... ...
.#####..#.##..#...........


You could see 2 wights.

Vanquished Creatures
  2 wights (D:4)
  A hound (D:4)
  A sleepcap (D:4)
  4 gnolls (D:3)
  3 adders
  5 dart slugs
  3 ribbon worms
  3 orcs
  5 ball pythons
  5 bats
  An endoplasm (D:2)
  11 giant cockroaches
  5 goblins
  2 hobgoblins (D:1)
  4 quokkas
  3 frilled lizards
  5 kobolds
  10 rats
73 creatures vanquished.

Notes
Turn   | Place    | Note
-------+----------+-------------------------------------------
     0 | D:1      | smashvw the Minotaur Fighter began the quest for the Orb.
     0 | D:1      | Reached XP level 1. HP: 19/19 MP: 0/0
   174 | D:1      | Reached XP level 2. HP: 15/27 MP: 1/1
   600 | D:1      | Found Zifoc's Antique Weapon Shoppe.
   686 | D:1      | Reached XP level 3. HP: 27/33 MP: 2/2
  1137 | D:2      | Reached skill level 1 in Staves
  1443 | D:2      | Identified the +3 ring mail of the Scribe {+Inv rPois}
  1613 | D:3      | Reached XP level 4. HP: 36/41 MP: 3/3
  1680 | D:3      | Reached skill level 5 in Fighting
  1963 | D:3      | Found an ornate altar of the Wu Jian Council.
  2220 | D:3      | Found a radiant altar of Vehumet.
  2496 | D:4      | Reached XP level 5. HP: 47/48 MP: 4/4
  2550 | D:4      | Found a glowing silver altar of Zin.
  2780 | D:4      | Reached skill level 5 in Staves
  2805 | D:4      | Killed by an exploding wight... ignited by their inner
                  | flame

Illustrated notes

Levels and vault maps discovered:
D:1:      dpeg_arrival_castle, layout_loops_ring, serial_shops,
          nicolae_shop_temple_entry_statues_fountains
D:2:      layout_loops_ring
D:3:      minmay_roachtagon, layout_loops_cross, nicolae_vehumet_altar_sigil,
          marbit_many_paths, corexii_hall_statues_s, hangedman_decor_growths
D:4:      layout_basic, mainiacjoe_overflow_catwalk_spiral,
          minmay_misc_feat_plants, kennysheep_small_square

Skill      XL: |  1  2  3  4  5 |
---------------+----------------+-----
Shields        | 4 |  4.4
Fighting       | 4 5 |  5.0
Staves         | 1 3 5 |  5.3
Short Blades   | |  2.6
Armour         | |  3.6

Action                     |  1- 3 |  4- 6 || total
---------------------------+-------+-------++-------
  Melee: Rapier            |    21 |       ||    21
         Headbutt          |    17 |    16 ||    33
         Dagger            |    85 |   137 ||   222
    Use: Potion            |       |     3 ||     3
         Scroll            |       |     5 ||     5
 Armour: Scale mail        |    48 |       ||    48
         Ring mail         |     6 |    92 ||    98
         Skin              |       |    32 ||    32
  Dodge: Dodged            |    34 |    50 ||    84
  Block: Buckler           |    13 |    36 ||    49

Table legend: (Time is in decaauts)
 A = Elapsed time spent in this place.
 B = Non-inter-level travel time spent in this place.
 C = Inter-level travel time spent in this place.
 D = Time resting spent in this place.
 E = Time spent auto-exploring this place.
 F = Levels seen in this place.
 G = Mean time per level.
                   A        B        C        D        E       F      G
               +--------+--------+--------+--------+--------+-----+--------+
         Total |   2787 |   2670 |    117 |    215 |   1920 |   4 |  696.8 |
       Dungeon |   2787 |   2670 |    117 |    215 |   1920 |   4 |  696.8 |
               +--------+--------+--------+--------+--------+-----+--------+

Top non-repeatable levels by time:
     D:3: 973 daAuts
     D:1: 850 daAuts
     D:2: 652 daAuts
     D:4: 310 daAuts
